[ AOE2 MATCH · #505215259 ]
UnrankedAztecs vs Sicilians
Player's team · LOSS
Rival team · WIN
[ REPLAY ANALYSIS · EXTRACTED FROM THE RECORDED GAME ]
Feudal
11:06
Castle
32:06
Imperial
50:43
| APM avg | 40.1 |
| APM peak | 88 |
| eAPM avg | 18.6 |
| Villagers / military | 125 / 134 |
Focus
⚔️ 29.9% · 🌾 70.1%
Archer ×73 · Jaguar Warrior ×43 · Militia ×18
Feudal
11:29
Castle
30:57
Imperial
42:48
| APM avg | 51.1 |
| APM peak | 106 |
| eAPM avg | 25.4 |
| Villagers / military | 146 / 105 |
Focus
⚔️ 38.1% · 🌾 61.9%
Serjeant ×97 · Trebuchet (Packed) ×5 · Battering Ram ×3
Match map
Initial resources + every placement click. Lines = walls · curves = elevation contours. ◆ gold · ⬟ stone · ● berries · ✦ relic · ◌ wall gap
Your base· Open — 6t gap
CoreLock's base· Open — 2t gap
Smoothed initial terrain · ◌ = detected wall gap · hover for details
Inputs per minute
— GamerKight4878 - - CoreLock
Build order — GamerKight4878
First 150 of 417 actions detected
| 0:01 | Queue | Villager (Male) |
| 0:03 | Build | House |
| 0:09 | Build | House |
| 0:13 | Queue | Villager (Male) |
| 0:13 | Queue | Villager (Male) |
| 0:14 | Queue | Villager (Male) |
| 0:14 | Queue | Villager (Male) |
| 1:40 | Queue | Villager (Male) |
| 1:59 | Queue | Villager (Male) |
| 2:20 | Build | Lumber Camp |
| 2:36 | Queue | Villager (Male) |
| 2:37 | Queue | Villager (Male) |
| 3:15 | Queue | Villager (Male) |
| 3:15 | Queue | Villager (Male) |
| 3:48 | Queue | Villager (Male) |
| 4:08 | Queue | Villager (Male) |
| 4:48 | Queue | Villager (Male) |
| 4:48 | Queue | Villager (Male) |
| 4:48 | Queue | Villager (Male) |
| 4:48 | Queue | Villager (Male) |
| 4:52 | Build | House |
| 5:38 | Queue | Villager (Male) |
| 5:58 | Research | Loom |
| 6:31 | Queue | Villager (Male) |
| 6:55 | Build | House |
| 7:25 | Build | House |
| 7:35 | Queue | Villager (Male) |
| 7:35 | Queue | Villager (Male) |
| 7:35 | Queue | Villager (Male) |
| 8:04 | Build | Mill |
| 8:56 | Research | Feudal Age |
| 9:06 | Build | Mining Camp |
| 9:41 | Build | Barracks |
| 9:53 | Build | Farm |
| 10:09 | Build | Farm |
| 10:23 | Build | House |
| 10:38 | Build | House |
| 10:47 | Build | House |
| 10:49 | Build | House |
| 11:06 | Age | Feudal Age |
| 11:08 | Build | Mining Camp |
| 11:14 | Build | Watch Tower |
| 11:22 | Queue | Villager (Male) |
| 11:22 | Queue | Villager (Male) |
| 11:22 | Queue | Villager (Male) |
| 11:31 | Queue | Militia |
| 11:31 | Queue | Militia |
| 11:31 | Queue | Militia |
| 11:32 | Queue | Militia |
| 11:32 | Queue | Militia |
| 12:12 | Queue | Villager (Male) |
| 12:14 | Queue | Villager (Male) |
| 12:18 | Build | Farm |
| 12:28 | Research | Man-at-Arms (upgrade) |
| 13:08 | Build | Watch Tower |
| 13:21 | Queue | Villager (Male) |
| 13:50 | Queue | Villager (Male) |
| 14:02 | Queue | Villager (Male) |
| 14:07 | Build | Farm |
| 14:10 | Build | Farm |
| 14:31 | Queue | Villager (Male) |
| 14:49 | Build | Farm |
| 14:58 | Queue | Villager (Male) |
| 15:16 | Build | Blacksmith |
| 16:22 | Queue | Militia |
| 16:23 | Queue | Villager (Male) |
| 16:30 | Build | Lumber Camp |
| 17:12 | Queue | Villager (Male) |
| 17:12 | Queue | Villager (Male) |
| 17:12 | Queue | Villager (Male) |
| 17:35 | Build | Mill |
| 17:46 | Research | Fletching |
| 17:52 | Queue | Villager (Male) |
| 18:07 | Build | Watch Tower |
| 18:19 | Queue | Villager (Male) |
| 18:24 | Queue | Militia |
| 18:24 | Queue | Militia |
| 18:24 | Queue | Militia |
| 18:28 | Research | Arson |
| 18:36 | Build | House |
| 18:52 | Build | House |
| 18:52 | Build | House |
| 18:57 | Research | Wheelbarrow |
| 19:10 | Build | Archery Range |
| 19:24 | Build | Farm |
| 19:26 | Queue | Villager (Male) |
| 19:26 | Queue | Villager (Male) |
| 19:56 | Research | Scale Mail Armor |
| 20:32 | Queue | Villager (Male) |
| 20:32 | Queue | Villager (Male) |
| 20:40 | Queue | Archer |
| 20:40 | Queue | Archer |
| 20:40 | Queue | Archer |
| 20:40 | Queue | Archer |
| 20:41 | Queue | Archer |
| 20:41 | Queue | Archer |
| 20:41 | Queue | Archer |
| 20:42 | Queue | Archer |
| 20:42 | Queue | Archer |
| 20:51 | Queue | Villager (Male) |
| 21:05 | Queue | Villager (Male) |
| 21:18 | Build | Farm |
| 21:33 | Queue | Villager (Male) |
| 21:48 | Queue | Militia |
| 22:04 | Queue | Villager (Male) |
| 22:04 | Queue | Villager (Male) |
| 22:21 | Queue | Militia |
| 22:41 | Queue | Militia |
| 22:41 | Queue | Militia |
| 23:07 | Queue | Archer |
| 23:07 | Queue | Archer |
| 23:07 | Queue | Archer |
| 23:25 | Build | Market |
| 23:45 | Build | Farm |
| 23:46 | Build | Farm |
| 23:48 | Queue | Militia |
| 23:49 | Queue | Militia |
| 23:49 | Queue | Militia |
| 24:24 | Queue | Militia |
| 24:25 | Queue | Villager (Male) |
| 24:25 | Queue | Villager (Male) |
| 24:26 | Build | Farm |
| 24:36 | Queue | Militia |
| 24:58 | Queue | Archer |
| 24:59 | Queue | Archer |
| 25:14 | Queue | Villager (Male) |
| 25:15 | Queue | Villager (Male) |
| 25:15 | Queue | Villager (Male) |
| 25:38 | Build | Mining Camp |
| 25:43 | Build | Farm |
| 25:43 | Build | Farm |
| 25:44 | Build | Farm |
| 25:45 | Build | Farm |
| 25:51 | Build | Farm |
| 25:53 | Build | Farm |
| 26:06 | Queue | Villager (Male) |
| 26:06 | Queue | Villager (Male) |
| 26:11 | Build | Farm |
| 26:25 | Queue | Archer |
| 26:25 | Queue | Archer |
| 26:36 | Build | House |
| 26:37 | Build | House |
| 26:46 | Queue | Archer |
| 26:47 | Queue | Archer |
| 26:47 | Queue | Archer |
| 26:47 | Queue | Archer |
| 26:53 | Research | Padded Archer Armor |
| 27:22 | Queue | Archer |
| 27:22 | Queue | Archer |
| 27:24 | Queue | Villager (Male) |
Build order — CoreLock
First 150 of 426 actions detected
| 0:01 | Queue | Villager (Male) |
| 0:02 | Build | House |
| 0:04 | Build | House |
| 0:06 | Queue | Villager (Male) |
| 0:06 | Queue | Villager (Male) |
| 0:06 | Queue | Villager (Male) |
| 1:20 | Build | Lumber Camp |
| 1:31 | Queue | Villager (Male) |
| 1:43 | Queue | Villager (Male) |
| 1:43 | Queue | Villager (Male) |
| 2:37 | Queue | Villager (Male) |
| 2:37 | Queue | Villager (Male) |
| 2:37 | Queue | Villager (Male) |
| 3:07 | Research | Loom |
| 3:32 | Build | House |
| 3:50 | Queue | Villager (Male) |
| 3:50 | Queue | Villager (Male) |
| 3:50 | Queue | Villager (Male) |
| 3:51 | Queue | Villager (Male) |
| 3:51 | Queue | Villager (Male) |
| 5:00 | Queue | Villager (Male) |
| 5:00 | Queue | Villager (Male) |
| 5:00 | Queue | Villager (Male) |
| 5:22 | Queue | Villager (Male) |
| 5:56 | Queue | Villager (Male) |
| 6:15 | Build | Mill |
| 6:34 | Build | House |
| 6:53 | Queue | Villager (Male) |
| 6:56 | Build | House |
| 7:23 | Queue | Villager (Male) |
| 7:33 | Queue | Villager (Male) |
| 7:46 | Build | House |
| 7:51 | Build | Donjon |
| 7:54 | Build | Palisade Wall |
| 7:56 | Build | Palisade Wall |
| 8:01 | Queue | Villager (Male) |
| 8:54 | Queue | Villager (Male) |
| 9:01 | Queue | Villager (Male) |
| 9:10 | Research | Feudal Age |
| 10:03 | Build | Palisade Wall |
| 10:12 | Build | Mining Camp |
| 10:16 | Build | Palisade Wall |
| 10:20 | Build | Palisade Wall |
| 10:21 | Build | Palisade Wall |
| 10:26 | Queue | Villager (Male) |
| 10:51 | Queue | Villager (Male) |
| 10:55 | Build | Mill |
| 11:29 | Age | Feudal Age |
| 11:31 | Queue | Serjeant |
| 11:31 | Queue | Serjeant |
| 11:31 | Queue | Serjeant |
| 11:59 | Build | House |
| 12:11 | Build | Donjon |
| 12:24 | Queue | Villager (Male) |
| 12:25 | Queue | Villager (Male) |
| 12:44 | Build | House |
| 12:45 | Queue | Villager (Male) |
| 13:05 | Queue | Villager (Male) |
| 13:08 | Build | House |
| 13:24 | Queue | Villager (Male) |
| 13:57 | Queue | Villager (Male) |
| 14:07 | Build | Mining Camp |
| 14:09 | Queue | Villager (Male) |
| 14:47 | Queue | Villager (Male) |
| 14:55 | Research | Double-Bit Axe |
| 14:55 | Research | Double-Bit Axe |
| 15:01 | Build | Lumber Camp |
| 15:14 | Build | Blacksmith |
| 15:37 | Queue | Villager (Male) |
| 16:02 | Queue | Villager (Male) |
| 16:06 | Queue | Villager (Male) |
| 16:23 | Research | Fletching |
| 16:23 | Research | Fletching |
| 16:35 | Queue | Villager (Male) |
| 16:43 | Build | Farm |
| 16:43 | Build | Farm |
| 16:44 | Build | Farm |
| 16:50 | Build | Farm |
| 16:50 | Build | Farm |
| 16:50 | Build | Farm |
| 16:52 | Queue | Villager (Male) |
| 17:03 | Queue | Villager (Male) |
| 17:05 | Build | House |
| 17:11 | Queue | Villager (Male) |
| 17:17 | Build | House |
| 17:24 | Queue | Serjeant |
| 17:25 | Queue | Serjeant |
| 17:40 | Queue | Villager (Male) |
| 17:49 | Build | House |
| 17:59 | Queue | Villager (Male) |
| 18:01 | Queue | Villager (Male) |
| 18:08 | Queue | Serjeant |
| 18:09 | Queue | Serjeant |
| 18:13 | Queue | Villager (Male) |
| 18:42 | Queue | Villager (Male) |
| 19:05 | Research | Scale Mail Armor |
| 19:24 | Build | Mill |
| 19:43 | Queue | Serjeant |
| 19:50 | Queue | Villager (Male) |
| 20:26 | Queue | Villager (Male) |
| 21:03 | Queue | Villager (Male) |
| 21:05 | Queue | Villager (Male) |
| 21:07 | Build | Farm |
| 21:07 | Build | Farm |
| 21:08 | Build | Farm |
| 21:08 | Build | Farm |
| 21:08 | Build | Farm |
| 21:40 | Queue | Serjeant |
| 21:40 | Queue | Serjeant |
| 21:41 | Queue | Serjeant |
| 21:41 | Queue | Serjeant |
| 22:05 | Queue | Villager (Male) |
| 22:18 | Queue | Villager (Male) |
| 22:21 | Research | Horse Collar |
| 22:21 | Research | Horse Collar |
| 22:23 | Build | Farm |
| 22:23 | Build | Farm |
| 22:23 | Build | Farm |
| 22:24 | Build | Farm |
| 22:24 | Build | Farm |
| 22:35 | Queue | Villager (Male) |
| 22:36 | Build | House |
| 22:50 | Queue | Villager (Male) |
| 22:54 | Queue | Villager (Male) |
| 23:11 | Queue | Villager (Male) |
| 23:22 | Queue | Serjeant |
| 23:23 | Queue | Serjeant |
| 23:30 | Build | House |
| 23:31 | Queue | Villager (Male) |
| 23:50 | Queue | Villager (Male) |
| 23:52 | Build | Donjon |
| 23:58 | Queue | Serjeant |
| 23:58 | Queue | Serjeant |
| 23:58 | Queue | Serjeant |
| 24:04 | Queue | Serjeant |
| 24:04 | Queue | Serjeant |
| 24:05 | Queue | Serjeant |
| 24:22 | Queue | Villager (Male) |
| 24:28 | Queue | Serjeant |
| 24:29 | Queue | Serjeant |
| 24:36 | Queue | Villager (Male) |
| 24:42 | Queue | Villager (Male) |
| 25:10 | Queue | Villager (Male) |
| 25:13 | Queue | Villager (Male) |
| 25:16 | Queue | Villager (Male) |
| 25:18 | Queue | Villager (Male) |
| 25:24 | Build | Mill |
| 25:28 | Build | House |
| 25:42 | Build | Donjon |
| 25:48 | Build | House |
Match timeline
| 7:51 | CoreLock · first_building Donjon |
| 7:54 | CoreLock · wall_segment Palisade Wall x3 |
| 7:56 | CoreLock · wall_segment Palisade Wall x3 |
| 9:41 | GamerKight4878 · first_building Barracks |
| 10:03 | CoreLock · wall_segment Palisade Wall x1 |
| 10:16 | CoreLock · wall_segment Palisade Wall x1 |
| 10:20 | CoreLock · wall_segment Palisade Wall x1 |
| 10:21 | CoreLock · wall_segment Palisade Wall x1 |
| 11:06 | GamerKight4878 · age_up feudal |
| 11:29 | CoreLock · age_up feudal |
| 19:10 | GamerKight4878 · first_building Archery Range |
| 28:15 | GamerKight4878 · wall_segment Palisade Wall x4 |
| 29:08 | GamerKight4878 · wall_segment Palisade Wall x1 |
| 30:57 | CoreLock · age_up castle |
| 31:13 | CoreLock · first_market_buy 100 food |
| 31:56 | GamerKight4878 · first_market_sell 100 wood |
| 31:58 | GamerKight4878 · first_market_buy 100 stone |
| 32:06 | GamerKight4878 · age_up castle |
| 32:47 | GamerKight4878 · first_building Castle |
| 33:29 | CoreLock · first_building Siege Workshop |
| 39:36 | CoreLock · first_building Monastery |
| 41:24 | CoreLock · first_building Castle |
| 42:48 | CoreLock · age_up imperial |
| 42:48 | CoreLock · first_building Archery Range |
| 50:43 | GamerKight4878 · age_up imperial |
| 52:20 | GamerKight4878 · resign |
[ AI ANALYSIS · 1 CREDIT ]
What really happened in this match?
Wolo.gg analyzes every decision: build order, eco, micro, common mistakes by bracket. Personalized analysis on WhatsApp or Discord in 30 seconds.
Civ guide
Aztecs
Perfil
Jugador #12462201